 Dungeon Crawl Stone Soup version 0.30-a0-711-gf4ac18a38d (webtiles) character file.

Game seed: 16658995957827967926

391 kae the Changer (level 6, 0/43 HPs)
             Began as a Demonspawn Transmuter on Jan 22, 2023.
             Was an Elder of Cheibriados.
             Slain by an ogre
             ... wielding a +0 giant spiked club
              (13 damage)
             ... on level 4 of the Dungeon.
             The game lasted 00:07:45 (3945 turns).

kae the Changer (Demonspawn Transmuter)             Turns: 3945, Time: 00:07:46

Health: 0/43       AC:  2    Str: 21    XL:     6   Next: 50%
Magic:  7/10       EV: 20    Int: 23    God:    Cheibriados [****..]
Gold:   153        SH:  0    Dex: 34    Spells: 1/11 levels left

rFire   . . .      SeeInvis .      - Unarmed
rCold   . . .      Faith    .    (shield currently unavailable)
rNeg    . . .      Spirit   .    (body armour currently unavailable)
rPois   x          Reflect  .    (helmet currently unavailable)
rElec   .          Harm     .    (cloak currently unavailable)
rCorr   .          Rampage  .    (gloves currently unavailable)
Will    .....                    (boots currently unavailable)
Stlth   +++                      (no amulet)
HPRegen 0.27/turn                D - +6 ring of dexterity
MPRegen 0.12/turn                (no ring)

@: spider-form, very slow
A: venomous fangs, tiny, foul stench 2
a: End Transformation, Renounce Religion, Bend Time, Temporal Distortion, Slouch


You were on level 4 of the Dungeon.
You worshipped Cheibriados.
Cheibriados was greatly pleased with you.
You were a venomous arachnid creature.
You visited 1 branch of the dungeon, and saw 4 of its levels.
You also visited: Sewer.

You collected 219 gold pieces.
You spent 66 gold pieces at shops.


Innate Abilities, Weirdness & Mutations

You are a venomous arachnid creature.
You have venomous fangs.
You are tiny and dextrous.
Your spellcasting is less reliable in this form.
Your armour is entirely melded.
You are incapable of wielding weapons or throwing items.
You sometimes emit foul miasma when damaged in melee.


   Skills:
 - Level 1.0 Fighting
 - Level 1.7 Dodging
 + Level 3.7 Unarmed Combat
 + Level 3.1 Spellcasting
 * Level 4.0 Transmutations
 * Level 0.7 Ice Magic
 - Level 2.0 Poison Magic
 + Level 3.1 Invocations


You had one spell level left.
You knew the following spells:

 Your Spells              Type           Power      Damage    Failure   Level
a - Beastly Appendage     Tmut           44%        N/A       9%          1
b - Wereblood             Tmut           22%        N/A       11%         2
c - Spider Form           Tmut/Pois      17%        N/A       24%         3
d - Ice Form              Ice/Tmut       14%        N/A       61%         4

Your spell library contained the following spells:

 Spells                   Type           Power      Damage    Failure   Level
 Ignite Poison            Fire/Tmut/Pois 12%        N/A       34%         3
 Sticky Flame             Conj/Fire      3%         2d3       89%         4
 Ignition                 Fire           1%         3d3       100%        8

Inventory:

Missiles
 c - 47 stones
 d - 6 atropa-tipped darts
 r - 8 poisoned darts
Armour
 a - a +1 robe (melded)
Jewellery
 D - a +6 ring of dexterity (left front pincers)
   (You found it on level 2 of the Dungeon)
 T - an amulet of faith {!P}
   (You found it on level 2 of the Dungeon)
Scrolls
 e - 4 scrolls of identify {@r1}
 f - a scroll of torment {!r}
 j - a scroll of immolation {unknown}
 m - a scroll of enchant armour
 n - a scroll of poison {unknown}
 o - 3 scrolls of magic mapping {!r}
 p - 5 scrolls of teleportation {@r4}
Potions
 b - a potion of lignification {!q}
 g - a potion of ambrosia
 h - 4 potions of flight
 i - a potion of invisibility
 k - a potion of attraction {!q}
 l - 2 potions of mutation {!q}

Dungeon Overview and Level Annotations

Branches:
Dungeon (4/15) Zot: 31511   Sewer (visited)
 Temple: D:4-7

Altars:
Cheibriados

Shops:
D:3 *

Annotations:
D:2 Sigmund

#............<......
#.#########.###..... #.# #.#
##.### #.# #.# #..## #.#
#.####.#.. #######.#
#......### #......>#
#.####....
####.###############.####.###
####.<.^.# #.s.........#...#
......#### #O###...[.......#
##....# #. #.####..#...#
##....## #. #.# #......###
.......# #. #.####..>......
.......# #. #.#............
.......##### #.
#.#.##..##...## ##....>#...##
#. #.#.##..##...##
##...#......###
#.#.##..##...##


You could see an ogre (extremely poisoned).


Message History

Your transformation has ended.
Your +1 robe unmelds from your body. 😎 MP[+1] No target in view!
No target in view!
Found a stone staircase leading up. 😎 MP[+1]
Your mp is fully restored (10).
No target in view!
No target in view!
A dart slug comes into view.
A dart slug is nearby!
A dart slug is nearby!
A dart slug is nearby!
Casting: Spider Form (dangerous; 10% risk of failure)
Confirm with . or Enter, or press ? or * to list all spells.
You turn into a venomous arachnid creature.
Your +1 robe melds into your body.
The dart slug launches a dart at you. The slug dart hits you. 😕 HP[-4] MP[-3]
You take 4 damage, and now have 39/43 hp.
You lost 3 mp, and now have 7/10 mp.
The dart slug launches a dart at you. The slug dart misses you.
You hit the dart slug.
A dart slug is nearby! 😕 HP[+1]
A dart slug is nearby!
You hit the dart slug but do no damage. The dart slug closely misses you.
You bite the dart slug!
You kill the dart slug!
Cheibriados appreciates the change of pace.
Your transformation is almost over.
Your transformation has ended.
Your +1 robe unmelds from your body. 😕 HP[+2] MP[+1]
You regained 2 hp, and now have 42/43 hp.
Unknown command.
You see here a dart slug corpse.
Key pressed, stopping explore.
There is a stone staircase leading up here.
An endoplasm comes into view.
Found a stone staircase leading down.
The endoplasm quivers. 😎 HP[+1] MP[+2]
Your hp is fully restored (43).
Your mp is fully restored (10).
An endoplasm is nearby!
An endoplasm is nearby!
An endoplasm is nearby!
Casting: Spider Form (dangerous; 10% risk of failure)
Confirm with . or Enter, or press ? or * to list all spells.
You turn into a venomous arachnid creature.
Your +1 robe melds into your body.
The endoplasm freezes you.
You are frozen.
The endoplasm closely misses you. 😕 HP[-4] MP[-3]
You take 4 damage, and now have 39/43 hp.
You lost 3 mp, and now have 7/10 mp.
You hit the endoplasm. The endoplasm freezes you.
You are frozen.
You hit the endoplasm.
The endoplasm is poisoned.
The endoplasm closely misses you.
An endoplasm is nearby!
You hit the endoplasm but do no damage.
You kill the endoplasm!
Cheibriados thoroughly appreciates the change of pace.
No target in view!
Your transformation is almost over.
Your transformation has ended.
Your +1 robe unmelds from your body. 😎 HP[+4] MP[+3]
Your hp is fully restored (43).
Your mp is fully restored (10).
There is a stone staircase leading down here.
An ogre comes into view. It is wielding a +0 giant spiked club.
An ogre is nearby!
An ogre is nearby!
An ogre is nearby!
Casting: Spider Form (dangerous; 10% risk of failure)
Confirm with . or Enter, or press ? or * to list all spells.
You turn into a venomous arachnid creature.
Your +1 robe melds into your body.
The ogre shouts! 😎 MP[-3]
You lost 3 mp, and now have 7/10 mp.
You hit the ogre.
The ogre is poisoned.
The ogre barely misses you.
You bite the ogre!
The ogre hits you with a +0 giant spiked club!!
Ouch! That really hurt!
* * * LOW HITPOINT WARNING * * *
😨 HP[-31]
You take 31 damage, and now have 12/43 hp.
MASSIVE DAMAGE!! (PAUSE)
You bite the ogre!
The ogre looks as sick as possible!
Unknown command.
You hit the ogre but do no damage.
The ogre looks as sick as possible!
The ogre hits you with a +0 giant spiked club!
You die...

Skill      XL: |  1  2  3  4  5  6 |
---------------+-------------------+-----
Transmutations | 2 3 4 |  4.0
Unarmed Combat | 3 |  3.7
Invocations    | 1 2 3 |  3.1
Poison Magic   | 1 2 |  2.0
Spellcasting   | 3 |  3.1
Fighting       | |  1.0
Dodging        | |  1.7
Ice Magic      | |  0.7

Action                     |  1- 3 |  4- 6 || total
---------------------------+-------+-------++-------
  Melee: Unarmed           |    94 |   179 ||   273
         Kick              |    20 |    14 ||    34
         Headbutt          |    19 |     2 ||    21
         Punch             |     1 |     3 ||     4
   Cast: Beastly Appendage |    25 |    20 ||    45
         Wereblood         |     1 |     1 ||     2
         Spider Form       |       |    19 ||    19
    Use: Scroll            |     6 |     5 ||    11
         Potion            |       |     2 ||     2
   Stab: Sleeping          |     2 |     7 ||     9
 Armour: Robe              |    26 |    20 ||    46
         Skin              |       |     8 ||     8
  Dodge: Dodged            |    64 |   167 ||   231

Levels and vault maps discovered:
D:1:      zaba_arrival_water, layout_loops_ring,
          hellmonk_ecumenical_altar_zigzags
D:2:      layout_rooms, uniq_sigmund
D:3:      layout_loops_corners, serial_shops, shop, portal_sewer_entry_f
D:4:      layout_loops_ring, marbit_many_paths

Notes
Turn   | Place    | Note
-------+----------+-------------------------------------------
     0 | D:1      | kae the Demonspawn Transmuter began the quest for the Orb.
     0 | D:1      | Reached XP level 1. HP: 15/15 MP: 3/3
     0 | D:1      | magus.rc [v1.11.3]
    69 | D:1      | You add the spells Ignite Poison, Sticky Flame and Ignition
                  | to your library.
   109 | D:1      | Reached skill level 2 in Transmutations
   211 | D:1      | Gained mutation: You may rarely emit foul miasma when
                  | damaged in melee. [demonic ancestry]
   211 | D:1      | Reached XP level 2. HP: 19/21 MP: 3/5
   365 | D:1      | Found a faded altar of an unknown god.
   383 | D:1      | Prayed at the altar of an unknown god.
   383 | D:1      | Became a worshipper of Cheibriados the Contemplative
   383 | D:1      | Reached * piety under Cheibriados
   666 | D:1      | Reached skill level 3 in Unarmed Combat
   720 | D:2      | Gained mutation: You sometimes emit foul miasma when
                  | damaged in melee. [demonic ancestry]
   720 | D:2      | Reached XP level 3. HP: 21/26 MP: 4/6
   826 | D:2      | Reached skill level 1 in Invocations
   945 | D:2      | Noticed Sigmund
   982 | D:2      | Reached ** piety under Cheibriados
  1162 | D:3      | Learned a level 2 spell: Wereblood
  1166 | D:3      | Learned a level 3 spell: Spider Form
  1266 | D:3      | Found Ytyaruq's General Store.
  1277 | D:3      | Bought 3 scrolls of identify for 66 gold pieces
  1308 | D:3      | Found a glowing drain.
  1327 | D:3      | Reached XP level 4. HP: 32/32 MP: 3/7
  1335 | Sewer    | Entered a sewer
  1556 | Sewer    | Reached skill level 3 in Transmutations
  1577 | Sewer    | Reached *** piety under Cheibriados
  1578 | Sewer    | Reached skill level 1 in Poison Magic
  1674 | Sewer    | Reached skill level 2 in Invocations
  1674 | Sewer    | Reached XP level 5. HP: 37/37 MP: 5/9
  2792 | D:3      | Reached **** piety under Cheibriados
  3061 | D:4      | HP: 8/37 [gnoll/+0 flail (4)]
  3064 | D:4      | Reached skill level 2 in Poison Magic
  3411 | D:4      | Reached skill level 3 in Spellcasting
  3411 | D:4      | Reached XP level 6. HP: 43/43 MP: 7/10
  3419 | D:4      | Learned a level 4 spell: Ice Form
  3519 | D:4      | HP: 9/43 [orc priest/nerve-wracking pain (10)]
  3528 | D:4      | Reached skill level 3 in Invocations
  3534 | D:4      | Reached skill level 4 in Transmutations
  3945 | D:4      | Slain by an ogre

Vanquished Creatures
  A kobold brigand (D:4)
  An orc priest (D:4)
  2 orc wizards (D:4)
  4 adders
  5 river rats (Sewer)
  3 gnolls (D:4)
  An ufetubus (D:4)
  4 worms
  2 dart slugs (D:4)
  6 orcs
  11 ball pythons
  11 bats
  8 endoplasms
  12 giant cockroaches
  4 goblins
  5 hobgoblins
  3 jackals
  5 quokkas
  7 frilled lizards
  6 kobolds
  6 rats
107 creatures vanquished.

Table legend:
 A = Non-vault XP
 B = Vault XP
 C = Vault XP percentage of total XP
 D = Non-vault monster count
 E = Vault monster count
 F = Vault count percentage of total count
                 A         B        C        D         E       F
            +---------+---------+-------+---------+---------+-------
      Total |     427 |     132 |  23.6 |      76 |      31 |  29.0
            +---------+---------+-------+---------+---------+-------
        D:1 |      36 |       0 |   0.0 |      22 |       0 |   0.0
        D:2 |      48 |       0 |   0.0 |      13 |       0 |   0.0
        D:3 |      41 |      12 |  22.6 |      22 |       6 |  21.4
        D:4 |     302 |       0 |   0.0 |      19 |       0 |   0.0
      Sewer |       0 |     120 | 100.0 |       0 |      25 | 100.0
            +---------+---------+-------+---------+---------+-------

Illustrated notes

Table legend:
 A = Kills in this place as a percentage of kills in entire the game.
 B = Kills by you in this place as a percentage of kills by you in the entire game.
 C = Kills by friends in this place as a percentage of kills by friends in the entire game.
 D = Other kills in this place as a percentage of other kills in the entire game.
 E = Experience gained in this place as a percentage of experience gained in the entire game.
 F = Experience gained in this place divided by the number of levels of this place that you have seen.
                   A       B       C       D       E      F
               +-------+-------+-------+-------+-------+----------------------
         Total | 100.0 | 100.0 |   N/A |   N/A | 100.0 | 111.8
       Dungeon |  76.6 |  76.6 |   N/A |   N/A |  78.5 | 109.8
         Sewer |  23.4 |  23.4 |   N/A |   N/A |  21.5 | 120.0
               +-------+-------+-------+-------+-------+----------------------

Table legend: (Time is in decaauts)
 A = Elapsed time spent in this place.
 B = Non-inter-level travel time spent in this place.
 C = Inter-level travel time spent in this place.
 D = Time resting spent in this place.
 E = Time spent auto-exploring this place.
 F = Levels seen in this place.
 G = Mean time per level.
                   A        B        C        D        E       F      G
               +--------+--------+--------+--------+--------+-----+--------+
         Total |   5509 |   5356 |    153 |      8 |   4336 |   5 | 1101.8 |
       Dungeon |   4295 |   4142 |    153 |      8 |   3429 |   4 | 1073.8 |
         Sewer |   1213 |   1213 |      0 |      0 |    907 |   1 | 1213.0 |
               +--------+--------+--------+--------+--------+-----+--------+

Top non-repeatable levels by time:
     D:4: 1447 daAuts
     D:3: 1427 daAuts
   Sewer: 1213 daAuts
     D:1: 825 daAuts
     D:2: 595 daAuts
